Map: Orbital Shipyard

Players

KaMuI

  • Race: Protoss Protoss
  • League: Platinum

LindyHop - Winner!

  • Race: Zerg Zerg
  • League: Platinum

VOD

Have the link to the VOD?

Description

Time

  • Played on: Jan. 10, 2016, 6:36 a.m.
  • Length: 24:20
Show
View Real Time Build Order
Export as new Build Order

KaMuI Protoss 

Build Orders: 1 Gate Expand 

Get SALT Encoding   

  12  0:13  Probe (Chrono Boost)  
  13  0:23  Probe (Chrono Boost)  
  14  0:34  Pylon  
  14  0:37  Probe (Chrono Boost)  
  15  0:52  Probe (Chrono Boost)  
  16  0:59  Gateway  
  16  1:03  Probe (Chrono Boost)  
  17  1:15  Nexus  
  17  1:23  Probe (Chrono Boost)  
  18  1:26  Assimilator  
  18  1:42  Probe (Chrono Boost)  
  18  1:46  Cybernetics Core  
  19  1:47  Zealot (Chrono Boost)  
  21  1:54  Probe (Chrono Boost)  
  22  2:05  Pylon  
  22  2:06  Probe  
  23  2:08  Assimilator  
  23  2:23  Probe  
  23  2:25  Stalker (Chrono Boost)  
  26  2:30  Warp Gate  
  26  2:35  Probe (Chrono Boost)  
  27  2:37  Probe (Chrono Boost)  
  28  2:46  Probe (Chrono Boost)  
  28  2:57  Mothership Core (Chrono Boost)  
  30  3:01  Gateway  
  30  3:15  Probe (Chrono Boost)  
  30  3:16  Robotics Facility  
  31  3:22  Probe (Chrono Boost)  
  31  3:26  Probe (Chrono Boost)  
  33  3:33  Stalker  
  35  3:35  Probe (Chrono Boost)  
  35  3:38  Probe (Chrono Boost)  
  37  3:47  Probe (Chrono Boost)  
  38  3:55  Gateway  
  38  3:56  Gateway  
  38  3:57  Probe (Chrono Boost)  
  38  3:58  Probe (Chrono Boost)  
  38  3:59  Pylon  
  40  4:05  Twilight Council  
  40  4:08  Warp Prism (Chrono Boost)  
  42  4:11  Probe  
  42  4:12  Probe  
  44  4:18  Pylon  
  44  4:28  Probe  
  44  4:30  Probe  
  46  4:39  Probe  
  46  4:41  Charge (Chrono Boost)  
  46  4:42  Probe  
  48  4:49  Probe  
  49  4:57  Observer (Chrono Boost)  
  50  5:02  Adept  
  50  5:03  Adept  
  54  5:08  Gateway  
  54  5:10  Gateway  
  54  5:13  Probe, Assimilator  
  55  5:31  Nexus  
  55  5:39  Pylon  
  55  5:40  Pylon  
  55  5:42  Probe, Pylon  
  55  5:43  Probe  
  57  5:53  Adept x2  
  57  6:33  Gateway  
  57  6:34  Gateway  
  57  6:36  Gateway  
  57  6:38  Gateway  
  57  6:39  Zealot x3  
  63  6:40  Zealot  
  63  6:41  Probe  
  63  6:42  Pylon  
  66  6:53  Probe x2 (Chrono Boost)  
  64  6:54  Probe (Chrono Boost)  
  67  7:03  Blink (Chrono Boost)  
  63  7:16  Probe (Chrono Boost)  
  63  7:18  Stalker x5  
  63  7:19  Stalker  
  76  7:23  Probe x2  
  76  7:24  Stargate  
  76  7:26  Stargate  
  76  7:27  Probe, Pylon  
  76  7:28  Pylon  
  79  7:30  Stargate  
  79  7:33  Probe x2  
  79  7:35  Pylon  
  79  7:36  Stalker x2, Pylon  
  85  7:42  Assimilator  
  85  7:49  Probe  
  85  7:50  Probe, Forge  
  88  7:54  Observer (Chrono Boost)  
  88  7:56  Stalker x2  
  88  7:57  Stalker  
  95  8:05  Stalker x2  
  98  8:06  Stalker  
  100  8:13  Stalker  
  100  8:14  Probe  
  100  8:16  Stalker  
  105  8:20  Stalker, Probe  
  108  8:31  Stalker  
  108  8:32  Stalker  
  111  8:39  Stalker x2  
  111  8:40  Probe  
  113  8:41  Probe  
  113  8:45  Pylon  
  113  8:46  Probe, Pylon  
  115  8:48  Phoenix  
  115  8:50  Probe  
  115  8:55  Pylon  
  116  8:57  Pylon  
  116  9:09  Phoenix x2  
  120  9:24  Assimilator  
  116  9:29  Phoenix  
  116  9:30  Pylon  
  118  9:32  Pylon  
  118  9:34  Pylon, Phoenix  
  120  9:43  Assimilator  
  120  9:54  Phoenix x2  
  120  9:59  Phoenix  
  126  10:10  Probe  
  126  10:11  Protoss Ground Armor Level 1  
  127  10:27  Robotics Facility  
  125  10:36  Robotics Facility  
  125  10:41  Nexus  
  121  10:53  Nexus  
  121  11:00  Cybernetics Core, Protoss Air Armor Level 1  
  121  11:03  Fleet Beacon  
  121  11:05  Assimilator  
  121  11:10  Probe, Assimilator  
  122  11:11  Pylon  
  122  11:13  Pylon  
  122  11:15  Pylon  
  122  11:19  Phoenix  
  122  11:20  Phoenix  
  126  11:46  Nexus  
  126  11:47  Pylon  
  126  11:49  Pylon  
  126  11:52  Pylon  
  126  12:07  Immortal (Chrono Boost)  
  136  12:08  Immortal x2 (Chrono Boost)  
  136  12:15  Carrier x2 (Chrono Boost)  
  154  12:26  Carrier (Chrono Boost)  
  154  12:37  Anion Pulse-Crystals  
  154  12:46  Pylon  
  154  12:47  Pylon  
  154  12:51  Pylon  
  154  12:53  Fleet Beacon  
  154  13:00  Robotics Bay  
  154  13:01  Photon Cannon  
  154  13:05  Photon Cannon  
  154  13:06  Photon Cannon  
  154  13:10  Zealot x4  
  154  13:11  Zealot x3  
  168  13:22  Probe  
  168  13:23  Probe x2  
  171  13:28  Photon Cannon  
  171  13:30  Nexus, Photon Cannon  
  171  13:33  Protoss Air Weapons Level 1 (Chrono Boost)  
  171  13:36  Probe  
  171  13:39  Photon Cannon  
  172  13:52  Disruptor  
  175  14:05  Assimilator  
  175  14:07  Zealot  
  175  14:08  Zealot  
  179  14:14  Carrier  
  179  14:19  Disruptor  
  182  14:27  Carrier  
  194  14:37  Protoss Air Armor Level 2 (Chrono Boost)  
  194  14:45  Probe  
  194  14:46  Probe  
  194  14:47  Assimilator  
  196  14:59  Disruptor x2  
  187  15:00  Carrier (Chrono Boost)  
  187  15:04  Zealot x2  
  150  15:23  Adept x2  
  150  15:24  Adept x3  
  140  15:35  Disruptor  
  140  15:36  Disruptor  
  140  15:41  Probe  
  140  15:42  Probe  
  148  15:45  Probe  
  148  15:46  Mothership Core  
  151  15:51  Probe  
  152  16:02  Carrier (Chrono Boost)  
  158  16:16  Probe  
  159  16:19  Disruptor  
  159  16:24  Oracle (Chrono Boost)  
  171  16:33  Carrier (Chrono Boost)  
  152  17:01  Stalker x6  
  152  17:04  Disruptor  
  161  17:14  Probe  
  160  17:26  Nexus  
  160  17:27  Pylon  
  160  17:28  Pylon  
  160  17:36  Protoss Air Weapons Level 2 (Chrono Boost)  
  160  17:39  Disruptor  
  160  17:42  Cybernetics Core, Mothership Core  
  160  17:51  Forge  
  162  17:52  Disruptor  
  162  17:56  Templar Archives  
  165  18:04  Probe  
  172  18:14  Pylon  
  145  18:58  Disruptor  
  145  19:05  Carrier (Chrono Boost)  
  132  19:10  Carrier (Chrono Boost)  
  132  19:16  Stalker  
  120  19:23  Carrier (Chrono Boost)  
  115  19:36  Probe  
  116  19:38  Graviton Catapult (Chrono Boost)  
  116  19:43  Protoss Air Armor Level 3 (Chrono Boost)  
  116  19:48  High Templar x2  
  116  19:49  High Templar  
  122  19:54  High Templar  
  124  20:21  High Templar  
  124  20:22  High Templar  
  128  20:36  Adept x3  
  132  20:45  Gateway  
  132  20:47  Gateway  
  132  20:49  Gateway  
  121  20:54  Gateway  
  121  20:55  High Templar x2  
  125  21:06  Archon x4  
  85  21:41  Stalker  
  85  21:42  Stalker x4  
  59  22:03  Nexus  
  59  22:30  Void Ray  
  59  22:35  Void Ray, Pylon  
  67  22:38  Pylon  
  67  22:50  Observer (Chrono Boost)  
  68  22:57  Zealot x2  
  67  23:28  Probe x2  
Show
View Real Time Build Order
Export as new Build Order

LindyHop Zerg - Winner!

Build Orders: Hatch First 

Get SALT Encoding   

  12  0:01  Drone  
  13  0:12  Overlord  
  13  0:17  Drone  
  14  0:30  Drone x2  
  14  0:34  Drone  
  17  0:54  Hatchery  
  16  0:57  Drone  
  17  1:10  Spawning Pool  
  16  1:13  Drone  
  16  1:16  Drone  
  18  1:24  Drone  
  19  1:28  Overlord  
  19  1:38  Drone  
  20  1:57  Drone  
  20  1:58  Hatchery  
  20  2:02  Drone  
  21  2:09  Queen  
  23  2:16  Queen  
  23  2:18  Zergling x2  
  23  2:21  Zergling x2  
  27  2:28  Overlord  
  27  2:42  Drone x4  
  31  2:47  Extractor  
  30  2:52  Drone x2, Extractor  
  31  3:01  Drone  
  31  3:02  Drone  
  33  3:13  Roach Warren  
  33  3:18  Drone x4  
  36  3:25  Queen  
  36  3:26  Queen  
  40  3:36  Drone x4  
  44  3:44  Overlord  
  43  4:00  Metabolic Boost  
  43  4:06  Evolution Chamber  
  42  4:12  Drone  
  42  4:13  Drone x4  
  47  4:21  Lair  
  48  4:24  Drone x5  
  48  4:25  Drone x2  
  48  4:26  Overlord x2  
  48  4:30  Extractor  
  53  4:32  Extractor  
  52  4:44  Roach x4  
  60  4:59  Drone  
  62  5:00  Drone x4  
  62  5:03  Extractor  
  62  5:04  Extractor  
  62  5:05  Drone x3  
  62  5:06  Overlord x3  
  66  5:13  Zerg Ground Armor Level 1  
  66  5:36  Spire  
  66  5:37  Spore Crawler  
  66  5:38  Drone x6  
  66  5:39  Drone x2  
  66  5:42  Spore Crawler  
  71  5:45  Spore Crawler, Drone x3  
  71  5:47  Drone x3  
  76  5:52  Zergling x6  
  77  6:06  Zergling x12  
  77  6:08  Zergling x2  
  80  6:13  Zergling x8  
  82  6:34  Drone x3  
  85  6:42  Drone  
  85  6:43  Drone x3  
  89  6:51  Queen  
  89  6:54  Mutalisk x4  
  90  6:56  Overlord x3  
  90  6:57  Overlord  
  98  7:05  Infestation Pit  
  97  7:13  Zerg Flyer Weapons Level 1  
  97  7:14  Mutalisk x6  
  109  7:18  Mutalisk  
  111  7:26  Mutalisk x2  
  111  7:28  Overlord x2  
  111  7:29  Overlord  
  115  7:34  Overseer x2  
  115  7:40  Queen  
  115  7:41  Hydralisk Den  
  116  7:47  Mutalisk  
  116  7:48  Hatchery  
  117  8:17  Zerg Melee Weapons Level 1  
  117  8:24  Evolution Chamber  
  116  8:27  Hydralisk  
  116  8:28  Hydralisk x3  
  122  8:41  Hive  
  122  8:43  Muscular Augments  
  122  8:52  Drone x7  
  122  8:53  Drone x7  
  122  8:54  Drone  
  137  9:20  Mutalisk x4  
  137  9:21  Mutalisk  
  137  9:22  Hatchery  
  144  9:26  Zerg Missile Weapons Level 1  
  144  9:32  Zerg Flyer Armor Level 1  
  144  9:42  Extractor  
  144  9:44  Extractor  
  142  9:55  Extractor  
  142  9:58  Extractor  
  140  10:16  Lurker Den  
  140  10:26  Viper x4  
  152  10:30  Overlord x2  
  152  10:31  Overlord x6  
  152  10:32  Overlord x2  
  142  10:48  Hydralisk  
  142  10:49  Hydralisk x6  
  153  10:57  Drone  
  153  10:58  Drone x3  
  153  10:59  Drone x4  
  153  11:00  Drone x3  
  164  11:10  Zergling x2  
  168  11:11  Zergling x32  
  168  11:12  Zergling x2  
  182  11:43  Viper x4  
  182  11:47  Greater Spire  
  192  11:50  Drone x3  
  192  11:51  Drone x7  
  192  11:53  Spore Crawler  
  195  12:02  Spore Crawler  
  190  12:31  Zergling x6  
  190  12:33  Adrenal Glands, Zerg Melee Weapons Level 2  
  190  12:35  Zerg Missile Weapons Level 2  
  186  13:19  Mutalisk x2  
  178  13:20  Mutalisk x3  
  178  13:22  Hydralisk  
  178  13:23  Hydralisk x5  
  200  13:43  Hatchery  
  200  13:44  Hatchery  
  193  14:31  Mutalisk  
  193  14:32  Mutalisk x2  
  195  15:01  Mutalisk x2  
  174  15:20  Mutalisk x3, Corruptor x2  
  174  15:21  Mutalisk, Hydralisk  
  168  15:22  Hydralisk x16  
  168  15:23  Hydralisk x3  
  168  15:24  Hydralisk x3  
  168  15:25  Hydralisk x2  
  194  15:34  Hydralisk x4  
  199  15:46  Zergling x2  
  155  17:03  Viper  
  155  17:04  Viper x3  
  155  17:05  Hydralisk  
  155  17:06  Hydralisk x6  
  181  17:13  Hydralisk x11  
  199  18:01  Zergling x2  
  200  18:18  Hatchery  
  158  18:52  Corruptor x13  
  158  18:53  Corruptor x11  
  199  18:59  Corruptor x3  
  178  19:18  Hydralisk x3  
  183  19:32  Brood Lord  
  183  19:33  Brood Lord x5  
  195  19:42  Overseer x4  
  195  19:43  Overseer x5  
  195  19:45  Hydralisk  
  195  19:46  Hydralisk  
  199  19:58  Extractor  
  198  20:00  Extractor  
  197  20:26  Hatchery  
  196  21:00  Zergling x8  
  194  21:35  Viper x7  
  194  21:36  Viper x2  
  181  21:40  Hydralisk  
  181  21:41  Hydralisk x4  
  169  21:51  Hydralisk  
  169  21:52  Hydralisk x3  
  177  22:07  Zergling x8  
  181  22:15  Brood Lord x4  
  189  22:16  Brood Lord  
  189  22:20  Extractor  
  172  22:25  Zergling x16  
  179  22:55  Hydralisk  
  179  22:56  Hydralisk x9  
  199  23:01  Hatchery  
  198  23:26  Zergling x2  
  199  23:34  Extractor  
  191  23:54  Spine Crawler  
  191  23:55  Spine Crawler  
  189  23:57  Spine Crawler  
  190  24:17  Spine Crawler x2  
  190  24:19  Spine Crawler  
Tags
 
Add a new tag
Caveats
  • Supply blocks, unpowered buildings, or Contaminate may cause inaccurate times.
  • Supply counts are checked every 10 seconds.